AoeStats
← Roba Niños45

Lombardia

508481333Analyzed
4v4 RM · 11d ago on Sep 22, 2026· 60m 33s· 8 players
Game mode
Random Map
Map size
Large (8 player)
Population
200
Speed
Normal
Resources
Standard
Victory
Conquest
Starting age
Dark Age
Ending age
Imperial Age
RankedLock teamsTeams togetherTeam positionsShared explorationLock speedFull tech treeHidden civsTurbo modeCheats
Victory
Defeat
🇦🇷 Burmese · Argentina
1623
+10
🇫🇷 Saxons · France
1413
+18
🇷🇺 Varangians · Russia
1407
+18
🇨🇿 Danes · Czechia
1387
+19
🇲🇽 Chinese · Mexico
1517
-18
🇫🇷 Persians · France
1470
-17
🇩🇪 Danes · Germany
1430
-15
🇹🇷 Khmer · Türkiye
1426
-15
Roba Niños45
0:32 Loom
10:19 Feudal Age
11:25 Horse Collar
16:58 Castle Age
19:24 Heavy Plow
20:52 Double-Bit Axe
25:30 Fletching
25:41 Padded Archer Armor
27:46 Bow Saw
27:27 Gold Mining
29:29 Leather Archer Armor
31:05 Ballistics
31:21 Bodkin Arrow
34:19 Imperial Age
32:27 Wheelbarrow
32:22 Town Watch
33:36 Hand Cart
33:57 Gold Shaft Mining
33:13 Stone Mining
34:33 Elite Chu Ko Nu
35:38 Bracer
36:41 Chemistry
37:49 Rocketry
36:59 Heavy Scorpion
40:30 Squires
50:34 Pikeman
51:54 Caravan
53:38 Forging
53:29 Scale Mail Armor
54:43 Great Wall
57:53 Fortified Wall
59:05 Masonry
chinsa_yama
11:49 Feudal Age
12:25 Double-Bit Axe
15:13 Castle Age
13:06 Horse Collar
14:33 Scale Barding Armor
15:30 Forging
15:45 Loom
19:13 Bloodlines
21:10 Husbandry
26:35 Chain Barding Armor
28:24 Iron Casting
30:09 Wheelbarrow
32:32 Imperial Age
30:39 Bow Saw
31:29 Hand Cart
31:17 Heavy Plow
32:15 Cavalier
34:27 Plate Barding Armor
34:52 Blast Furnace
36:02 Light Cavalry
37:11 Conscription
36:52 Hussar
40:47 Crop Rotation
44:47 Two-Man Saw
45:12 Fletching
48:12 Caravan
[Odst] Sheppard
10:45 Feudal Age
11:09 Loom
14:41 Castle Age
12:34 Double-Bit Axe
12:32 Horse Collar
15:37 Heavy Plow
21:00 Wheelbarrow
23:30 Scale Mail Armor
23:52 Bow Saw
23:37 Stone Mining
23:39 Gold Mining
26:19 Chain Mail Armor
27:06 Ballistics
29:02 Fletching
29:19 Squires
31:13 Forging
36:28 Imperial Age
36:30 Onager
37:40 Siege Engineers
38:36 Chemistry
38:23 Conscription
37:58 Siege Onager
39:31 Caravan
46:27 Northmen's Fury
47:12 Elite Varangian Guard
48:23 Hand Cart
47:53 Town Watch
49:08 Plate Mail Armor
48:26 Arson
50:15 Pikeman
51:06 Heavy Scorpion
52:27 Iron Casting
52:12 Halberdier
54:22 Blast Furnace
CBRM
6:13 Loom
11:23 Feudal Age
14:33 Castle Age
12:46 Double-Bit Axe
13:41 Horse Collar
14:33 Bloodlines
14:37 Light Cavalry
17:55 Wheelbarrow
23:09 Bow Saw
22:47 Town Watch
30:05 Fletching
32:26 Ballistics
35:37 Imperial Age
33:12 Husbandry
33:24 Bodkin Arrow
33:38 Scale Barding Armor
34:28 Gold Mining
34:39 Heavy Plow
35:54 Heavy Scorpion
36:36 Double Crossbow
36:54 Forging
37:48 Conscription
38:31 Chemistry
37:42 Masonry
38:06 Chain Barding Armor
37:51 Hussar
39:56 Plate Barding Armor
40:38 Siege Engineers
40:51 Bodkin Arrow
41:32 Iron Casting
41:07 Caravan
42:45 Hand Cart
45:09 Blast Furnace
45:38 Bracer
45:54 Tusk Swords
49:17 Fortified Wall
51:02 Scale Mail Armor
53:06 Chain Mail Armor
53:38 Padded Archer Armor
53:24 Pikeman
55:35 Halberdier
58:00 Leather Archer Armor
Rakosnik
7:28 Loom
9:42 Feudal Age
10:24 Double-Bit Axe
10:50 Man-at-Arms
12:17 Arson
16:54 Scale Mail Armor
18:10 Forging
18:34 Horse Collar
22:45 Castle Age
20:38 Gold Mining
23:37 Wheelbarrow
24:05 Bow Saw
23:58 Heavy Plow
24:35 Gold Shaft Mining
24:14 Town Watch
29:52 Imperial Age
30:15 Heavy Scorpion
32:28 Ballistics
34:08 Chemistry
33:16 Onager
36:55 Caravan
38:45 Siege Onager
41:29 Coinage
44:45 Siege Engineers
46:36 Northmen's Fury
48:57 Banking
56:13 Squires
55:34 Pikeman
58:39 Halberdier
JustPlayer
8:27 Loom
10:39 Feudal Age
11:17 Horse Collar
11:23 Double-Bit Axe
19:55 Castle Age
19:32 Stone Mining
19:34 Gold Mining
20:39 Wheelbarrow
21:02 Bow Saw
22:05 Heavy Plow
22:53 Husbandry
23:07 Forging
27:00 Iron Casting
32:59 Hand Cart
36:58 Imperial Age
35:22 Scale Barding Armor
36:09 Bloodlines
36:26 Chain Barding Armor
38:08 Conscription
37:12 Elite Jarl
38:56 Two-Man Saw
38:28 Crop Rotation
38:18 Caravan
39:35 Blast Furnace
39:54 Plate Barding Armor
43:03 Stone Shaft Mining
43:09 Guilds
43:29 Coinage
43:47 Town Watch
43:55 Fletching
46:12 Town Patrol
46:08 Bodkin Arrow
46:59 Banking
51:09 Bracer
54:15 Padded Archer Armor
55:24 Chemistry
54:44 Ballistics
54:31 Siege Engineers
54:36 Masonry
54:08 Treadmill Crane
54:24 Murder Holes
54:40 Fortified Wall
57:27 Leather Archer Armor
FutureEwe5582
6:49 Loom
9:16 Feudal Age
15:56 Castle Age
14:33 Horse Collar
23:39 Ballistics
25:23 Padded Archer Armor
26:02 Wheelbarrow
35:02 Imperial Age
33:14 Bloodlines
33:05 Husbandry
33:05 Gold Mining
33:06 Stone Mining
33:18 Heavy Plow
34:10 Fletching
35:07 Elite Arambai
36:58 Chemistry
36:46 Conscription
36:09 Treadmill Crane
37:47 Parthian Tactics
38:01 Gold Shaft Mining
38:00 Light Cavalry
38:56 Hand Cart
38:27 Town Watch
41:22 Masonry
41:35 Bodkin Arrow
43:11 Scale Barding Armor
43:40 Fortified Wall
42:52 Hussar
44:56 Chain Barding Armor
44:48 Forging
48:08 Plate Barding Armor
48:09 Iron Casting
51:22 Caravan
51:58 Manipur Cavalry
BIC
2:24 Loom
2:38 Loom
10:45 Feudal Age
11:59 Double-Bit Axe
14:40 Castle Age
12:36 Horse Collar
16:38 Bow Saw
20:30 Heavy Plow
21:53 Wheelbarrow
25:25 Loom
28:12 Imperial Age
26:16 Hand Cart
25:47 Town Watch
26:04 Scale Mail Armor
25:56 Gold Mining
26:05 Stone Mining
27:13 Gold Shaft Mining
27:04 Chain Mail Armor
27:38 Squires
27:24 Arson
28:28 Forging
29:11 Ballistics
29:14 Conscription
29:26 Plate Mail Armor
28:37 Shield Wall
29:56 Iron Casting
30:01 Elite Hearth Troop
31:32 Coinage
31:11 Fletching
32:22 Chemistry
32:03 Bodkin Arrow
32:51 Banking
32:28 Pikeman
33:52 Halberdier
34:35 Bracer
37:38 Masonry
40:48 Architecture
42:48 Elite Varangian Guard
49:30 Caravan
55:46 Two-Man Saw
55:19 Crop Rotation
57:38 Hoardings
57:16 Siege Engineers
Connection lost

Rejoining the realm…

Still unreachable

The connection could not be restored.

Session expired

The server has moved on; the page needs a fresh start.